 Dungeon Crawl Stone Soup version 0.24.0-10-g970556be89 (webtiles) character file.

Game seed: 5728652113113152215, levelgen mode: deterministic

78 Delamore the Chopper (level 4, -5/40 HPs)
             Began as a Hill Orc Monk on Nov 4, 2019.
             Slain by a hobgoblin
             ... wielding a +0 club
             ... led by Robin
              (7 damage)
             ... on level 3 of the Dungeon.
             The game lasted 00:02:23 (2027 turns).

Delamore the Chopper (Hill Orc Monk)                Turns: 2027, Time: 00:02:23

Health: -5/40      AC:  2    Str: 14    XL:     4   Next: 36%
Magic:  4/4        EV: 13    Int: 10    God:
Gold:   102        SH:  0    Dex: 13    Spells: 3/3 levels left

rFire    . . .     SeeInvis .   l - +0 hand axe (curse)
rCold    . . .     Gourm    .   (no shield)
rNeg     . . .     Faith    .   b - +0 robe
rPois    .         Spirit   .   (no helmet)
rElec    .         Reflect  .   (no cloak)
rCorr    .         Harm     .   (no gloves)
MR       .....                  (no boots)
Stlth    ++........             (no amulet)
HPRegen  0.13/turn              (no ring)
MPRegen  0.09/turn              (no ring)

@: no status effects
A: no striking features
a: no special abilities


You were on level 3 of the Dungeon.
You were not hungry.

You visited 1 branch of the dungeon, and saw 3 of its levels.

You collected 102 gold pieces.

Inventory:

Hand Weapons
 a - a +0 hand axe
 l - a cursed +0 hand axe (weapon)
Armour
 b - a +0 robe (worn)
Jewellery
 d - an uncursed ring of ice {unknown}
 n - an uncursed ring of protection from fire {unknown}
Scrolls
 g - 2 scrolls of enchant armour {unknown}
 i - a scroll of remove curse {unknown}
 j - a scroll of fog {unknown}
 k - a scroll of amnesia {unknown}
 m - a scroll of fear {unknown}
 o - a scroll of magic mapping {unknown}
 q - a scroll of teleportation {unknown}
 s - a scroll of identify {unknown}
 t - a scroll of blinking {unknown}
Potions
 e - a potion of ambrosia {unknown}
 f - a potion of flight {unknown}
 h - a potion of brilliance {unknown}
 p - a potion of curing {unknown}
Comestibles
 c - 3 rations
 r - 2 chunks of flesh


   Skills:
 - Level 3.7 Fighting
 + Level 6.6 Axes
 - Level 2.4 Dodging
 - Level 1.5 Stealth


You had 3 spell levels left.
You didn't know any spells.
Your spell library was empty.

Dungeon Overview and Level Annotations

Branches:
Dungeon (3/15)

Altars:
Fedhas

Annotations:
D:3 Robin


Message History

The goblin hits you but does no damage. Robin closely misses you.
The hobgoblin completely misses you. The goblin misses you.
You hit the goblin.
You kill the goblin!
You hit the hobgoblin but do no damage.
You hear the rusting of a very distant drain.
The hobgoblin misses you.
You closely miss the hobgoblin. The hobgoblin misses you.
You hit the hobgoblin.
The hobgoblin is moderately wounded.
The hobgoblin no longer looks unusually strong.
The goblin no longer looks unusually strong.
Robin throws the goblin at you!
* * * LOW HITPOINT WARNING * * *
You completely miss the hobgoblin. You closely miss the hobgoblin.
You closely miss the goblin. The goblin misses you.
You closely miss the hobgoblin. You miss the goblin.
You hit the hobgoblin but do no damage. The hobgoblin hits you with a +0 club!
You die...

######.####......##.#
#.# #.....)<..# #.#
####+#..รท##### #.#
#>............
##'###.............
#...)..............
#..................
#g.................
#g@g...............
##'###.............
###+###g###.............
..........#.............
......)...#.............
..........#.............
.......)..#.............
..........#.............
..........##############


You could see Robin, 2 hobgoblins and a goblin.

Vanquished Creatures
  2 adders
  An ooze (D:2)
  A worm (D:2)
  An orc (D:2)
  2 giant cockroaches
  19 goblins
  7 hobgoblins
  A quokka (D:2)
  3 bats (D:1)
  3 frilled lizards (D:2)
  5 kobolds
  A rat (D:2)
46 creatures vanquished.

Notes
Turn   | Place    | Note
-------+----------+-------------------------------------------
     0 | D:1      | Delamore the Hill Orc Monk began the quest for the Orb.
     0 | D:1      | Reached XP level 1. HP: 19/19 MP: 1/1
   450 | D:1      | Reached XP level 2. HP: 27/27 MP: 2/2
   894 | D:2      | Reached skill level 5 in Axes
  1119 | D:2      | Reached XP level 3. HP: 33/33 MP: 3/3
  1301 | D:2      | Found a blossoming altar of Fedhas.
  1756 | D:2      | Reached skill level 6 in Axes
  1835 | D:3      | Reached XP level 4. HP: 25/40 MP: 4/4
  1995 | D:3      | Noticed Robin
  2019 | D:3      | HP: 2/40 [Robin/+0 spear (4)]
  2025 | D:3      | HP: 2/40 [Robin/goblin (1)]
  2027 | D:3      | Slain by a hobgoblin

Levels and vault maps discovered:
D:1:      lightli_arrival_flooded_house, layout_basic
D:2:      kennysheep_the_goblin_king, layout_basic, fedhas_altar_2
D:3:      layout_basic, portal_sewer_entry_b, uniq_sigmund, uniq_robin

Skill      XL: |  1  2  3 |
---------------+----------+-----
Axes           | 5 6 |  6.6
Fighting       | |  3.7
Dodging        | |  2.4
Stealth        | |  1.5

Action                   |  1- 3 |  4- 6 || total
-------------------------+-------+-------++-------
Melee: Hand axe          |   107 |    27 ||   134
 Stab: Sleeping          |     3 |       ||     3
  Eat: Chunk             |     1 |       ||     1
       Ration            |     1 |       ||     1
Armor: Robe              |    18 |     3 ||    21
Dodge: Dodged            |    69 |    20 ||    89
